 Dungeon Crawl Stone Soup version 0.24-a0-48-g0ecae65 (webtiles) character file.

Game seed: 4454084632830095766

21154 Mgcat the Grappler (level 12, -13/92 HPs)
             Began as a Gnoll Transmuter on Feb 3, 2019.
             Was a High Priest of Ashenzari.
             Killed from afar by a frost giant (28 damage)
             ... with a bolt of cold
             ... in an ice cave.
             The game lasted 00:42:11 (15476 turns).

Mgcat the Grappler (Gnoll Transmuter)              Turns: 15476, Time: 00:42:12

Health: -13/92     AC:  7    Str: 18    XL:     12   Next: 87%
Magic:  0/25       EV: 18    Int: 16    God:    Ashenzari [*****.]
Gold:   744        SH:  0    Dex: 15    Spells: 16/29 levels left

rFire    + . .     SeeInvis +     - Unarmed
rCold    . . .     Gourm    .   (shield currently unavailable)
rNeg     . . .     Faith    .   D - +0 leather armour
rPois    .         Spirit   +   m - +2 helmet
rElec    .         Reflect  .   (no cloak)
rCorr    .         Harm     .   (gloves currently unavailable)
MR       .....     Clarity  +   (no boots)
Stlth    +++.......             c - amulet of guardian spirit (curse) {Spirit}
HPRegen  0.25/turn              r - ring of protection from fire (curse) {rF+, !d}
MPRegen  0.19/turn              v - ring of see invisible (curse) {sInv, !d}

@: blade hands
A: distributed training, fangs 1, strong nose
a: End Transformation, Curse Item, Scrying, Renounce Religion


You were in an ice cave.
You worshipped Ashenzari.
Ashenzari was extremely pleased with you.
You were not hungry.
You had blades for hands.
You visited 2 branches of the dungeon, and saw 14 of its levels.
You also visited: Ice Cave.

You collected 744 gold pieces.

Inventory:

Hand Weapons
 M - a cursed +2 spear of piercing (melded)
   (You took it off a gnoll sergeant on level 9 of the Dungeon)
Missiles
 a - 139 arrows
 f - 3 poisoned tomahawks (quivered)
 i - 664 stones
 H - a throwing net {=f, !d}
Armour
 k - a cursed +1 buckler (melded)
   (You found it on level 3 of the Dungeon)
 m - a +2 helmet (worn)
   (You found it on level 8 of the Dungeon)
 n - a +2 pair of gloves (melded)
   (You found it on level 3 of the Dungeon)
 D - a +0 leather armour (worn)
   (You took it off an orc on level 7 of the Dungeon)
Jewellery
 c - a cursed amulet of guardian spirit (around neck) {Spirit}
   (You found it on level 1 of the Dungeon)
 r - a cursed ring of protection from fire (left scythe-like blade) {rF+, !d}
   (You found it on level 2 of the Dungeon)
 v - a cursed ring of see invisible (right scythe-like blade) {sInv, !d}
   (You found it on level 4 of the Dungeon)
 w - an uncursed ring of ice {rC+, rF-}
   (You found it on level 4 of the Dungeon)
 N - an uncursed ring of protection from magic {MR+, !d}
   (You found it on level 1 of the Lair of Beasts)
 T - a +3 ring of intelligence
   (You found it on level 2 of the Lair of Beasts)
Wands
 h - a wand of disintegration (48)
   (You found it on level 9 of the Dungeon)
 x - a wand of flame (15)
   (You found it on level 5 of the Dungeon)
 B - a wand of polymorph (3)
   (You took it off Erica on level 8 of the Dungeon)
 G - a wand of paralysis (21)
   (You found it on level 8 of the Dungeon)
 L - a wand of clouds (3)
   (You found it on level 9 of the Dungeon)
 P - a wand of scattershot (6)
   (You found it on level 11 of the Dungeon)
Scrolls
 b - a scroll of fear
 e - 3 scrolls of teleportation
 l - 3 scrolls of blinking {!r}
 o - a scroll of enchant armour
 p - a scroll of enchant weapon
 y - 2 scrolls of magic mapping {!r}
 K - 6 scrolls of amnesia
 S - a scroll of fog
Potions
 g - 2 potions of magic {unknown}
 j - 7 potions of curing
 s - a potion of berserk rage {!q}
 t - 3 potions of mutation {!q}
 u - 2 potions of brilliance
 z - a potion of agility {unknown}
 A - 3 potions of might {unknown}
 C - 2 potions of lignification {unknown}
 E - 3 potions of flight
 I - a potion of haste {unknown}
 Q - a potion of cancellation
 R - 4 potions of resistance {unknown}
Miscellaneous
 J - a lamp of fire (inert)
   (You found it on level 9 of the Dungeon)
 O - a sack of spiders
Comestibles
 d - 27 rations


   Skills:
 + Level 8.0 Fighting
 + Level 7.5 Short Blades
 + Level 7.5 Long Blades
 + Level 7.5 Axes
 + Level 7.5 Maces & Flails
 + Level 7.5(11.5) Polearms
 + Level 7.5 Staves
 + Level 7.5 Slings
 + Level 7.5 Bows
 + Level 7.5 Crossbows
 + Level 7.5 Throwing
 + Level 7.5 Armour
 + Level 8.9 Dodging
 + Level 7.5 Stealth
 + Level 7.5(10.2) Shields
 + Level 10.0 Unarmed Combat
 + Level 9.1 Spellcasting
 + Level 6.3(10.3) Conjurations
 + Level 6.3(10.3) Hexes
 + Level 6.3(10.3) Charms
 + Level 6.3(10.3) Summonings
 + Level 6.3(10.3) Necromancy
 + Level 6.3(10.3) Translocations
 + Level 7.4(11.4) Transmutations
 + Level 6.3(10.3) Fire Magic
 + Level 6.3(10.3) Ice Magic
 + Level 6.3(10.3) Air Magic
 + Level 6.3(10.3) Earth Magic
 + Level 6.3(10.3) Poison Magic
 + Level 8.3 Invocations
 + Level 7.5(11.5) Evocations


You had 16 spell levels left.
You knew the following spells:

 Your Spells              Type           Power        Failure   Level  Hunger
a - Conjure Flame         Conj/Fire      #####...     12%         3    #......
b - Sticks to Snakes      Tmut           #####...     8%          2    None
c - Spider Form           Tmut/Pois      #####.....   11%         3    #......
d - Blade Hands           Tmut           #####.....   24%         5    #####..

Your spell library contained the following spells:

 Spells                   Type           Power        Failure   Level  Hunger
 Beastly Appendage        Tmut           #####.       7%          1    None
 Apportation              Tloc           #####.       8%          1    None
 Corona                   Hex            #####..      8%          1    None
 Summon Butterflies       Summ           #####...     8%          1    None
 Poisonous Vapours        Pois/Air       #####.       10%         2    None
 Slow                     Hex            #####...     10%         2    None
 Inner Flame              Hex/Fire       #####...     12%         3    #......
 Lesser Beckoning         Tloc           #####.....   12%         3    #......
 Mephitic Cloud           Conj/Pois/Air  #####...     12%         3    #......
 Portal Projectile        Hex/Tloc       #####.       12%         3    #......
 Tukima's Dance           Hex            #####...     12%         3    #......
 Ice Form                 Ice/Tmut       #####...     17%         4    ###....
 Cause Fear               Hex            #####.....   19%         4    ###....
 Leda's Liquefaction      Hex/Erth       #####.....   19%         4    ###....
 Alistair's Intoxication  Tmut/Pois      #####...     28%         5    #####..
 Freezing Cloud           Conj/Ice/Air   #####.....   67%         6    ######.
 Invisibility             Hex            #####...     67%         6    ######.
 Ring of Flames           Chrm/Fire      #####.....   98%         7    #######


Dungeon Overview and Level Annotations

Branches:
Dungeon (11/15)            Temple (0/1) D:7            Lair (3/6) D:9
  Swamp (0/4) Lair:3       Spider (0/4) Lair:3          Orc (0/2) D:11

Altars:
Ashenzari
Cheibriados
Dithmenos
Elyvilon
Fedhas
Makhleb
Nemelex Xobeh
Okawaru
Ru
Trog
Uskayaw
Wu Jian
The Shining One

Shops:
D:11 *


Innate Abilities, Weirdness & Mutations

Your experience applies equally to all skills.
You have very sharp teeth.
Your uncanny sense of smell can sniff out nearby items.


Message History

The fire ignites!
The wolf is engulfed in blazing flames.
The wolf bites you but does no damage.
The wolf is engulfed in blazing flames.
The wolf bites you.
You now have 18/25 mp.
Warning x2: The yak can hit for moderate damage in melee!
The wolf is very fast and can hit for moderate damage in melee!
Casting: Conjure Flame (safe; 1% risk of failure)
Confirm with . or Enter, or press ? or * to list all spells.
Your hands turn into razor-sharp scythe blades.
Your cursed +2 spear of piercing melds into your body.
Your +2 pair of gloves melds into your body.
Your cursed +1 buckler melds into your body.
The wolf is engulfed in blazing flames.
You kill the wolf!
You now have 13/25 mp.
Spoiler Alert: The frost giant can cast Bolt of Cold!
Really walk into that cloud of flame?
Okay, then.
Unknown command.
Evoke which item? (* to show all) (? for menu, Esc to quit)
Aiming: Cloud Cone
Press: ? - help, Dir - move target cursor, f - frost giant
Aim: a frost giant, wielding a +1 battleaxe of freezing You create a blast of poison gas!
You hear a bellow! x3; You hear a howl!
The frost giant is engulfed in poison gas.
The frost giant is poisoned.
The frost giant gestures at you while chanting.
You hear a sizzling sound!
You hear an angry growl.
Spoiler Alert: The frost giant can cast Bolt of Cold!
Unknown command.
Unknown command.
Unknown command.
Unknown command.
Unknown command.
The frost giant is engulfed in poison gas.
The frost giant looks even sicker.
Spoiler Alert: The frost giant can cast Bolt of Cold!
Unknown command.
Unknown command.
Unknown command.
Unknown command.
Unknown command.
Unknown command.
Spoiler Alert: The frost giant can cast Bolt of Cold!
Unknown command.
You slice the frost giant!!
The frost giant is heavily wounded.
The frost giant casts a spell at you. The bolt of cold hits you!!
You take 26 damage, and have 60/92 hp.
MASSIVE DAMAGE!!
You now have 10/25 mp.
Warning x2: The yak can hit for moderate damage in melee!
The frost giant can cast Bolt of Cold!
Unknown command.
Warning x2: The yak can hit for moderate damage in melee!
The frost giant can cast Bolt of Cold!
Unknown command.
Warning x2: The yak can hit for moderate damage in melee!
The frost giant can cast Bolt of Cold!
Unknown command.
Warning x2: The yak can hit for moderate damage in melee!
The frost giant can cast Bolt of Cold!
Unknown command.
Warning x2: The yak can hit for moderate damage in melee!
The frost giant can cast Bolt of Cold!
You slash the frost giant!
The frost giant is heavily wounded.
The frost giant hits you with a +1 battleaxe of freezing!!
The frost giant freezes you!
* * * LOW HITPOINT WARNING * * *
The yak is engulfed in poison gas.
The yak is poisoned.
You hear a howl!
You take 45 damage, and have 15/92 hp.
MASSIVE DAMAGE!!
You now have 3/25 mp.
Warning x2: The yak can hit for moderate damage in melee!
The frost giant can cast Bolt of Cold!
Unknown command.
Warning x2: The yak can hit for moderate damage in melee!
The frost giant can cast Bolt of Cold!
Unknown command.
Warning x2: The yak can hit for moderate damage in melee!
The frost giant can cast Bolt of Cold!
Unknown command.
Warning x2: The yak can hit for moderate damage in melee!
The frost giant can cast Bolt of Cold!
Unknown command.
Warning x2: The yak can hit for moderate damage in melee!
The frost giant can cast Bolt of Cold!
Unknown command.
Warning x2: The yak can hit for moderate damage in melee!
The frost giant can cast Bolt of Cold!
Okay, then.
Warning x2: The yak can hit for moderate damage in melee!
The frost giant can cast Bolt of Cold!
Unknown command.
Warning x2: The yak can hit for moderate damage in melee!
The frost giant can cast Bolt of Cold!
Unknown command.
Warning x2: The yak can hit for moderate damage in melee!
The frost giant can cast Bolt of Cold!
Unknown command.
Warning x2: The yak can hit for moderate damage in melee!
The frost giant can cast Bolt of Cold!
The yak looks even sicker.
Warning x2: The yak can hit for moderate damage in melee!
The frost giant can cast Bolt of Cold!
Unknown command.
Warning x2: The yak can hit for moderate damage in melee!
The frost giant can cast Bolt of Cold!
Unknown command.
Warning x2: The yak can hit for moderate damage in melee!
The frost giant can cast Bolt of Cold!
Casting: Blade Hands (quite dangerous; 24% risk of failure)
Confirm with . or Enter, or press ? or * to list all spells.
You create 3 snakes!
You now have 139 arrows.
The frost giant casts a spell at you. The bolt of cold hits your adder!!!
Your adder dies!
The bolt of cold hits you!!
You die...

*** ≈* ,
#.... *≈
≈ , ,
....* ≈≈
** ,,
..{# * *
*, ,,...
*≈ ≈ *,,
,,{{{{##
≈ **,
{Y# ** ≈
, *##C#
≈≈ #.S#
* * ,
##@## ≈
#.S#
**≈≈*
##..# ##
* *
#..## .#
* * #.##
.## *≈≈
*#..#
..#
≈*#..##
### ≈
##..# #
≈ ≈*
#..#


You could see a frost giant, a yak, a friendly water moccasin and a friendly
ball python.

Vanquished Creatures
  2 hydras (Lair:2)
  2 two-headed ogres
  Erica (D:8)
  An unseen horror (D:11)
  A cyclops (D:11)
  A black mamba (Lair:2)
  2 ice statues (IceCv)
  A gargoyle (D:11)
  A komodo dragon (shapeshifter) (D:10)
  A kobold demonologist (D:11)
  2 rime drakes (Lair:3)
  2 komodo dragons
  13 polar bears (IceCv)
  5 blink frogs (Lair:3)
  A hornet (D:11)
  5 hippogriffs
  A vampire (D:11)
  19 yaks
  A hungry ghost (D:10)
  4 water moccasins
  4 porcupines
  2 orc warriors
  4 ice beasts
  3 sky beasts
  2 phantoms
  3 ogres
  2 centaurs
  7 wolves
  5 crocodiles
  2 big kobolds
  6 bullfrogs
  A gnoll sergeant (D:9)
  7 scorpions
  4 killer bees (D:8)
  9 crimson imps
  A bullfrog zombie (D:10)
  9 orc priests
  7 hounds
  2 centaur zombies
  3 centaur skeletons
  5 orc wizards
  4 iguanas
  17 worker ants
  A bullfrog simulacrum (D:9)
  A centaur simulacrum (D:9)
  3 worker ant zombies
  A howler monkey zombie (D:7)
  12 adders
  16 gnolls
  2 shadow imps
  A worker ant simulacrum (D:9)
  2 oozes
  An adder skeleton (D:8)
  2 adder zombies (D:6)
  A worm (D:6)
  13 leopard geckos
  32 orcs
  3 giant cockroaches
  5 goblins
  11 hobgoblins
  17 jackals
  4 ball pythons
  7 bats
  5 frilled lizards
  A jackal skeleton (D:7)
  27 kobolds
  A leopard gecko skeleton (D:5)
  2 quokka skeletons
  9 rats
355 creatures vanquished.

Vanquished Creatures (others)
  10 plants
10 creatures vanquished.

Grand Total: 365 creatures vanquished

Notes
Turn   | Place    | Note
-------+----------+-------------------------------------------
     0 | D:1      | Mgcat the Gnoll Transmuter began the quest for the Orb.
     0 | D:1      | Reached XP level 1. HP: 17/17 MP: 6/6
   401 | D:1      | Reached XP level 2. HP: 23/23 MP: 5/7
   590 | D:1      | Reached XP level 3. HP: 28/28 MP: 7/9
   669 | D:1      | Reached skill level 5 in Spellcasting
  1268 | D:1      | Reached skill level 1 in Invocations
  1386 | D:2      | Learned a level 2 spell: Sticks to Snakes
  1390 | D:2      | Learned a level 3 spell: Spider Form
  1462 | D:2      | Reached skill level 1 in Short Blades
  1462 | D:2      | Reached skill level 1 in Long Blades
  1462 | D:2      | Reached skill level 1 in Axes
  1462 | D:2      | Reached skill level 1 in Maces & Flails
  1462 | D:2      | Reached skill level 1 in Polearms
  1462 | D:2      | Reached skill level 1 in Staves
  1462 | D:2      | Reached skill level 1 in Slings
  1462 | D:2      | Reached skill level 1 in Bows
  1462 | D:2      | Reached skill level 1 in Crossbows
  1462 | D:2      | Reached skill level 1 in Throwing
  1462 | D:2      | Reached skill level 1 in Armour
  1462 | D:2      | Reached skill level 1 in Stealth
  1462 | D:2      | Reached skill level 1 in Shields
  1462 | D:2      | Reached skill level 1 in Evocations
  1462 | D:2      | Reached XP level 4. HP: 34/34 MP: 7/11
  2107 | D:3      | Reached skill level 1 in Conjurations
  2107 | D:3      | Reached skill level 1 in Hexes
  2107 | D:3      | Reached skill level 1 in Charms
  2107 | D:3      | Reached skill level 1 in Summonings
  2107 | D:3      | Reached skill level 1 in Necromancy
  2107 | D:3      | Reached skill level 1 in Translocations
  2107 | D:3      | Reached skill level 1 in Fire Magic
  2107 | D:3      | Reached skill level 1 in Ice Magic
  2107 | D:3      | Reached skill level 1 in Air Magic
  2107 | D:3      | Reached skill level 1 in Earth Magic
  2107 | D:3      | Reached skill level 1 in Poison Magic
  2326 | D:3      | Reached XP level 5. HP: 32/40 MP: 9/12
  2434 | D:3      | Reached skill level 3 in Fighting
  2465 | D:3      | Reached skill level 4 in Transmutations
  2615 | D:3      | Reached XP level 6. HP: 47/47 MP: 9/13
  2622 | D:3      | Reached skill level 2 in Invocations
  2793 | D:3      | Found a glowing golden altar of the Shining One.
  3354 | D:4      | Reached skill level 2 in Short Blades
  3354 | D:4      | Reached skill level 2 in Long Blades
  3354 | D:4      | Reached skill level 2 in Axes
  3354 | D:4      | Reached skill level 2 in Maces & Flails
  3354 | D:4      | Reached skill level 2 in Polearms
  3354 | D:4      | Reached skill level 2 in Staves
  3354 | D:4      | Reached skill level 2 in Slings
  3354 | D:4      | Reached skill level 2 in Bows
  3354 | D:4      | Reached skill level 2 in Crossbows
  3354 | D:4      | Reached skill level 2 in Throwing
  3354 | D:4      | Reached skill level 2 in Armour
  3354 | D:4      | Reached skill level 5 in Dodging
  3354 | D:4      | Reached skill level 2 in Stealth
  3354 | D:4      | Reached skill level 2 in Shields
  3354 | D:4      | Reached skill level 2 in Evocations
  3401 | D:4      | Found a shattered altar of Ashenzari.
  3461 | D:4      | Became a worshipper of Ashenzari the Shackled
  3628 | D:4      | Noticed a phantom
  3649 | D:4      | Killed a phantom
  3649 | D:4      | Reached XP level 7. HP: 23/52 MP: 5/15
  3665 | D:4      | Learned a level 5 spell: Blade Hands
  3790 | D:4      | Reached skill level 7 in Unarmed Combat
  4315 | D:5      | Entered Level 5 of the Dungeon
  4329 | D:5      | Reached skill level 2 in Conjurations
  4329 | D:5      | Reached skill level 2 in Hexes
  4329 | D:5      | Reached skill level 2 in Charms
  4329 | D:5      | Reached skill level 2 in Summonings
  4329 | D:5      | Reached skill level 2 in Necromancy
  4329 | D:5      | Reached skill level 2 in Translocations
  4329 | D:5      | Reached skill level 2 in Fire Magic
  4329 | D:5      | Reached skill level 2 in Ice Magic
  4329 | D:5      | Reached skill level 2 in Air Magic
  4329 | D:5      | Reached skill level 2 in Earth Magic
  4329 | D:5      | Reached skill level 2 in Poison Magic
  4408 | D:5      | Got the spear of the Hand {pierce, rElec rC+ MP+9 Int-4}
  4455 | D:5      | Reached skill level 3 in Invocations
  4548 | D:5      | Found a bloodstained altar of Trog.
  4760 | D:5      | Found a shadowy altar of Dithmenos.
  4767 | D:5      | Reached XP level 8. HP: 60/60 MP: 13/16
  4797 | D:5      | Found a sacrificial altar of Ru.
  4819 | D:5      | Reached skill level 4 in Fighting
  4819 | D:5      | Reached skill level 3 in Short Blades
  4819 | D:5      | Reached skill level 3 in Long Blades
  4819 | D:5      | Reached skill level 3 in Axes
  4819 | D:5      | Reached skill level 3 in Maces & Flails
  4819 | D:5      | Reached skill level 3 in Polearms
  4819 | D:5      | Reached skill level 3 in Staves
  4819 | D:5      | Reached skill level 3 in Slings
  4819 | D:5      | Reached skill level 3 in Bows
  4819 | D:5      | Reached skill level 3 in Crossbows
  4819 | D:5      | Reached skill level 3 in Throwing
  4819 | D:5      | Reached skill level 3 in Armour
  4819 | D:5      | Reached skill level 3 in Stealth
  4819 | D:5      | Reached skill level 3 in Shields
  4819 | D:5      | Reached skill level 3 in Evocations
  4911 | D:5      | HP: 15/60 [poisoned by a worker ant]
  4916 | D:5      | HP: 14/60 [poisoned by a worker ant]
  4923 | D:5      | HP: 13/60 [poisoned by a worker ant]
  4931 | D:5      | HP: 13/60 [poisoned by a worker ant]
  5496 | D:6      | Reached skill level 6 in Spellcasting
  5508 | D:6      | Reached * piety under Ashenzari
  5696 | D:6      | Found a snail-covered altar of Cheibriados.
  5869 | D:6      | Found a sacrificial altar of Ru.
  6141 | D:7      | Reached skill level 3 in Conjurations
  6141 | D:7      | Reached skill level 3 in Hexes
  6141 | D:7      | Reached skill level 3 in Charms
  6141 | D:7      | Reached skill level 3 in Summonings
  6141 | D:7      | Reached skill level 3 in Necromancy
  6141 | D:7      | Reached skill level 3 in Translocations
  6141 | D:7      | Reached skill level 3 in Fire Magic
  6141 | D:7      | Reached skill level 3 in Ice Magic
  6141 | D:7      | Reached skill level 3 in Air Magic
  6141 | D:7      | Reached skill level 3 in Earth Magic
  6141 | D:7      | Reached skill level 3 in Poison Magic
  6141 | D:7      | Reached skill level 4 in Invocations
  6402 | D:7      | Found a staircase to the Ecumenical Temple.
  6424 | D:7      | Reached XP level 9. HP: 53/66 MP: 15/18
  6588 | D:7      | Reached skill level 6 in Dodging
  6588 | D:7      | Reached skill level 5 in Transmutations
  6899 | D:7      | Reached skill level 4 in Short Blades
  6899 | D:7      | Reached skill level 4 in Long Blades
  6899 | D:7      | Reached skill level 4 in Axes
  6899 | D:7      | Reached skill level 4 in Maces & Flails
  6899 | D:7      | Reached skill level 4 in Polearms
  6899 | D:7      | Reached skill level 4 in Staves
  6899 | D:7      | Reached skill level 4 in Slings
  6899 | D:7      | Reached skill level 4 in Bows
  6899 | D:7      | Reached skill level 4 in Crossbows
  6899 | D:7      | Reached skill level 4 in Throwing
  6899 | D:7      | Reached skill level 4 in Armour
  6899 | D:7      | Reached skill level 4 in Stealth
  6899 | D:7      | Reached skill level 4 in Shields
  6899 | D:7      | Reached skill level 4 in Evocations
  7248 | D:7      | Found a bloodstained altar of Trog.
  7373 | D:8      | Reached skill level 5 in Fighting
  7386 | D:8      | HP: 16/68 [poisoned by a killer bee]
  7392 | D:7      | HP: 13/68 [poisoned by a killer bee]
  7397 | D:7      | HP: 11/68 [poisoned by a killer bee]
  7402 | D:7      | HP: 10/68 [poisoned by a killer bee]
  7409 | D:7      | HP: 9/68 [poisoned by a killer bee]
  7417 | D:7      | HP: 9/68 [poisoned by a killer bee]
  7840 | D:8      | Noticed Erica
  7852 | D:8      | Killed Erica
  7852 | D:8      | Reached skill level 8 in Unarmed Combat
  7852 | D:8      | Reached skill level 5 in Invocations
  7920 | D:8      | Reached XP level 10. HP: 49/74 MP: 10/20
  7926 | D:8      | Reached skill level 7 in Spellcasting
  8153 | D:8      | Found a glowing golden altar of the Shining One.
  8162 | D:8      | Learned a level 3 spell: Conjure Flame
  8175 | D:8      | Found a sparkling altar of Nemelex Xobeh.
  8190 | D:8      | Found a white marble altar of Elyvilon.
  8286 | D:8      | Found an iron altar of Okawaru.
  8308 | D:8      | Found a burning altar of Makhleb.
  8313 | D:8      | Reached skill level 4 in Conjurations
  8313 | D:8      | Reached skill level 4 in Hexes
  8313 | D:8      | Reached skill level 4 in Charms
  8313 | D:8      | Reached skill level 4 in Summonings
  8313 | D:8      | Reached skill level 4 in Necromancy
  8313 | D:8      | Reached skill level 4 in Translocations
  8313 | D:8      | Reached skill level 4 in Fire Magic
  8313 | D:8      | Reached skill level 4 in Ice Magic
  8313 | D:8      | Reached skill level 4 in Air Magic
  8313 | D:8      | Reached skill level 4 in Earth Magic
  8313 | D:8      | Reached skill level 4 in Poison Magic
  8339 | D:8      | Reached ** piety under Ashenzari
  8366 | D:8      | Noticed a two-headed ogre
  8377 | D:8      | Killed a two-headed ogre
  8377 | D:8      | Reached skill level 5 in Short Blades
  8377 | D:8      | Reached skill level 5 in Long Blades
  8377 | D:8      | Reached skill level 5 in Axes
  8377 | D:8      | Reached skill level 5 in Maces & Flails
  8377 | D:8      | Reached skill level 5 in Polearms
  8377 | D:8      | Reached skill level 5 in Staves
  8377 | D:8      | Reached skill level 5 in Slings
  8377 | D:8      | Reached skill level 5 in Bows
  8377 | D:8      | Reached skill level 5 in Crossbows
  8377 | D:8      | Reached skill level 5 in Throwing
  8377 | D:8      | Reached skill level 5 in Armour
  8377 | D:8      | Reached skill level 5 in Stealth
  8377 | D:8      | Reached skill level 5 in Shields
  8377 | D:8      | Reached skill level 5 in Evocations
  8651 | D:9      | Found a blossoming altar of Fedhas.
  8651 | D:9      | Noticed a two-headed ogre
  8659 | D:9      | Killed a two-headed ogre
  8659 | D:9      | Reached skill level 7 in Dodging
  8790 | D:9      | Found an ornate altar of the Wu Jian Council.
  8858 | D:9      | Reached skill level 6 in Fighting
  8947 | D:9      | Found a staircase to the Lair.
  8968 | D:9      | Identified the +5 spear of the Hand {pierce, rElec rC+ MP+9
                  | Int-4} (You found it on level 5 of the Dungeon)
  9085 | D:9      | Reached skill level 6 in Transmutations
  9085 | D:9      | Reached skill level 6 in Invocations
  9212 | D:9      | Found a hide-covered altar of Uskayaw.
  9214 | D:9      | Noticed a -2 hand axe
  9214 | D:9      | Noticed a +0 dagger
  9728 | D:10     | Entered Level 10 of the Dungeon
  9941 | D:10     | HP: 19/76 [komodo dragon (shapeshifter) (9)]
 10391 | D:10     | Reached XP level 11. HP: 78/82 MP: 20/22
 11049 | D:11     | Noticed a cyclops
 11051 | D:11     | Found Surokh's Pet Rocks.
 11053 | D:11     | Killed a cyclops
 11060 | D:11     | Reached skill level 6 in Short Blades
 11060 | D:11     | Reached skill level 6 in Long Blades
 11060 | D:11     | Reached skill level 6 in Axes
 11060 | D:11     | Reached skill level 6 in Maces & Flails
 11060 | D:11     | Reached skill level 6 in Polearms
 11060 | D:11     | Reached skill level 6 in Staves
 11060 | D:11     | Reached skill level 6 in Slings
 11060 | D:11     | Reached skill level 6 in Bows
 11060 | D:11     | Reached skill level 6 in Crossbows
 11060 | D:11     | Reached skill level 6 in Throwing
 11060 | D:11     | Reached skill level 6 in Armour
 11060 | D:11     | Reached skill level 6 in Stealth
 11060 | D:11     | Reached skill level 6 in Shields
 11060 | D:11     | Reached skill level 9 in Unarmed Combat
 11060 | D:11     | Reached skill level 6 in Evocations
 11133 | D:11     | Reached skill level 5 in Conjurations
 11133 | D:11     | Reached skill level 5 in Hexes
 11133 | D:11     | Reached skill level 5 in Charms
 11133 | D:11     | Reached skill level 5 in Summonings
 11133 | D:11     | Reached skill level 5 in Necromancy
 11133 | D:11     | Reached skill level 5 in Translocations
 11133 | D:11     | Reached skill level 5 in Fire Magic
 11133 | D:11     | Reached skill level 5 in Ice Magic
 11133 | D:11     | Reached skill level 5 in Air Magic
 11133 | D:11     | Reached skill level 5 in Earth Magic
 11133 | D:11     | Reached skill level 5 in Poison Magic
 11160 | D:11     | Reached *** piety under Ashenzari
 11224 | D:11     | Reached skill level 8 in Spellcasting
 11854 | D:11     | Found a staircase to the Orcish Mines.
 11955 | D:11     | Reached skill level 7 in Invocations
 11963 | D:11     | Reached skill level 7 in Fighting
 11963 | D:11     | Reached skill level 8 in Dodging
 11987 | D:11     | Noticed an unseen horror
 11994 | D:11     | Killed an unseen horror
 12628 | Lair:1   | Entered Level 1 of the Lair of Beasts
 12651 | Lair:1   | Reached **** piety under Ashenzari
 12798 | Lair:1   | Identified the +2 dagger "Zinut" {chaos, *Contam rPois rC+
                  | MR+}
 13450 | Lair:2   | Noticed a five-headed hydra
 13461 | Lair:2   | Killed a seven-headed hydra
 13461 | Lair:2   | Reached XP level 12. HP: 91/91 MP: 17/24
 13591 | Lair:2   | Reached skill level 7 in Transmutations
 13812 | Lair:2   | Noticed a four-headed hydra
 13820 | Lair:2   | Killed an eight-headed hydra
 13820 | Lair:2   | Reached skill level 7 in Short Blades
 13820 | Lair:2   | Reached skill level 7 in Long Blades
 13820 | Lair:2   | Reached skill level 7 in Axes
 13820 | Lair:2   | Reached skill level 7 in Maces & Flails
 13820 | Lair:2   | Reached skill level 7 in Polearms
 13820 | Lair:2   | Reached skill level 7 in Staves
 13820 | Lair:2   | Reached skill level 7 in Slings
 13820 | Lair:2   | Reached skill level 7 in Bows
 13820 | Lair:2   | Reached skill level 7 in Crossbows
 13820 | Lair:2   | Reached skill level 7 in Throwing
 13820 | Lair:2   | Reached skill level 7 in Armour
 13820 | Lair:2   | Reached skill level 7 in Stealth
 13820 | Lair:2   | Reached skill level 7 in Shields
 13820 | Lair:2   | Reached skill level 7 in Evocations
 14053 | Lair:2   | Reached ***** piety under Ashenzari
 14179 | Lair:3   | Found a frozen archway.
 14204 | Lair:3   | HP: 20/91 [rime drake (5)]
 14206 | Lair:3   | HP: 1/91 [rime drake/flash freeze (19)]
 14277 | IceCv    | Entered an ice cave
 14514 | IceCv    | Reached skill level 6 in Conjurations
 14514 | IceCv    | Reached skill level 6 in Hexes
 14514 | IceCv    | Reached skill level 6 in Charms
 14514 | IceCv    | Reached skill level 6 in Summonings
 14514 | IceCv    | Reached skill level 6 in Necromancy
 14514 | IceCv    | Reached skill level 6 in Translocations
 14514 | IceCv    | Reached skill level 6 in Fire Magic
 14514 | IceCv    | Reached skill level 6 in Ice Magic
 14514 | IceCv    | Reached skill level 6 in Air Magic
 14514 | IceCv    | Reached skill level 6 in Earth Magic
 14514 | IceCv    | Reached skill level 6 in Poison Magic
 14532 | IceCv    | Reached skill level 8 in Invocations
 14675 | IceCv    | Reached skill level 9 in Spellcasting
 15148 | IceCv    | Reached skill level 8 in Fighting
 15148 | IceCv    | Reached skill level 10 in Unarmed Combat
 15201 | IceCv    | HP: 14/92 [ice statue/bolt of cold (17)]
 15466 | IceCv    | Noticed a frost giant
 15474 | IceCv    | HP: 15/92 [frost giant/+1 battleaxe of freezing (15)]
 15476 | IceCv    | Killed from afar by a frost giant

Vault maps used:
D:1:      minmay_arrival_nine_rooms, serial_glass, glass_columns_b,
          glass_columns_b, glass_columns_a, glass_columns_a,
          lexackson_kobold_supper
D:3:      nicolae_tso_swordbearing_angel
D:4:      first_ration, cheibrodos_ashenzari_chains
D:5:      bloody_trog, nicolae_dithmenos_the_darkroom, nicolae_ru_awakened_eye
D:6:      overflow_temple_1_default, nicolae_overflow_crystal_walls
D:7:      minmay_temple_entry_stoned_glass, trog_hazing_becter
D:8:      makhleb_grotto_becter, nicolae_overflow_quartered_altars,
          grunt_ogre_cave, minmay_statues_item, uniq_erica
D:9:      lemuel_flame_loot_2, fedhas_altar_3, old_standard_altar,
          dancing_weapons_uskayaw, david_lair_generic, serial_ice, serial_ice_e,
          serial_ice_m, serial_ice_n, serial_ice_b
D:11:     orc_0_dummy, serial_bayou_lagoon_a, guppyfry_shop_earth
Lair:1:   lemuel_fruit_fields
Lair:2:   infiniplex_staircase_pool
Lair:3:   skrybe_swamp_entry_bodies, spider_nest_entry_a, portal_ice_cave_rime,
          infiniplex_staircase_pool_2, uniq_sonja
IceCv:    ice_cave_small_giant

Skill      XL: |  1  2  3  4  5  6  7  8  9 10 11 12 |
---------------+-------------------------------------+-----
Spellcasting   | 5 6 7 8 9 |  9.1
Invocations    | 1 2 3 4 5 6 7 8 |  8.3
Short Blades   | 1 2 3 4 5 6 7 |  7.5
Long Blades    | 1 2 3 4 5 6 7 |  7.5
Axes           | 1 2 3 4 5 6 7 |  7.5
Maces & Flails | 1 2 3 4 5 6 7 |  7.5
Polearms       | 1 2 3 4 5 6 7 |  7.5
Staves         | 1 2 3 4 5 6 7 |  7.5
Slings         | 1 2 3 4 5 6 7 |  7.5
Bows           | 1 2 3 4 5 6 7 |  7.5
Crossbows      | 1 2 3 4 5 6 7 |  7.5
Throwing       | 1 2 3 4 5 6 7 |  7.5
Armour         | 1 2 3 4 5 6 7 |  7.5
Stealth        | 1 2 3 4 5 6 7 |  7.5
Shields        | 1 2 3 4 5 6 7 |  7.5
Evocations     | 1 2 3 4 5 6 7 |  7.5
Conjurations   | 1 2 3 4 5 6 |  6.3
Hexes          | 1 2 3 4 5 6 |  6.3
Charms         | 1 2 3 4 5 6 |  6.3
Summonings     | 1 2 3 4 5 6 |  6.3
Necromancy     | 1 2 3 4 5 6 |  6.3
Translocations | 1 2 3 4 5 6 |  6.3
Fire Magic     | 1 2 3 4 5 6 |  6.3
Ice Magic      | 1 2 3 4 5 6 |  6.3
Air Magic      | 1 2 3 4 5 6 |  6.3
Earth Magic    | 1 2 3 4 5 6 |  6.3
Poison Magic   | 1 2 3 4 5 6 |  6.3
Fighting       | 3 4 5 6 7 8 |  8.0
Transmutations | 4 5 6 7 |  7.4
Dodging        | 5 6 7 8 |  8.9
Unarmed Combat | 7 8 9 10 | 10.0

Action                   |  1- 3 |  4- 6 |  7- 9 | 10-12 || total
-------------------------+-------+-------+-------+-------++-------
Melee: Unarmed           |    83 |   161 |   342 |   428 ||  1014
       Kick              |    11 |       |       |       ||    11
       Bite              |     8 |     5 |     9 |    35 ||    57
       Headbutt          |     3 |       |       |       ||     3
       Punch             |     1 |       |     1 |    10 ||    12
       Scimitar          |       |       |     4 |     3 ||     7
       Spear             |       |       |       |    75 ||    75
Throw: Stone             |       |     1 |       |       ||     1
       Tomahawk          |       |       |       |     1 ||     1
 Cast: Beastly Appendage |    21 |     3 |     1 |       ||    25
       Spider Form       |     1 |    13 |    42 |    29 ||    85
       Sticks to Snakes  |       |       |     2 |     6 ||     8
       Blade Hands       |       |       |     1 |    38 ||    39
       Conjure Flame     |       |       |       |     8 ||     8
Invok: Curse Item        |       |     1 |       |     4 ||     5
Evoke: Wand              |       |       |       |     5 ||     5
       Lamp of fire      |       |       |       |     1 ||     1
  Use: Scroll            |       |     7 |    10 |    10 ||    27
       Potion            |       |       |       |     4 ||     4
 Stab: Sleeping          |     1 |     4 |     8 |    17 ||    30
       Distracted        |       |       |       |     4 ||     4
  Eat: Chunk             |     1 |     9 |    14 |    32 ||    56
       Ration            |       |       |     1 |     1 ||     2
Armor: Robe              |    13 |    32 |    10 |     2 ||    57
       Skin              |       |       |     6 |     3 ||     9
       Leather armour    |       |       |       |    48 ||    48
Dodge: Dodged            |    62 |    91 |   274 |   386 ||   813
Block: Shield            |       |    10 |       |       ||    10
       Buckler           |       |    10 |    12 |    12 ||    34
       Rpst.: Scimitar   |       |       |       |     1 ||     1

Table legend:
 A = Non-vault XP
 B = Vault XP
 C = Vault XP percentage of total XP
 D = Non-vault monster count
 E = Vault monster count
 F = Vault count percentage of total count
                 A         B        C        D         E       F
            +---------+---------+-------+---------+---------+-------
      Total |   20836 |    9384 |  31.1 |     300 |      55 |  15.5
            +---------+---------+-------+---------+---------+-------
        D:1 |      48 |      14 |  22.6 |      22 |       8 |  26.7
        D:2 |      36 |       0 |   0.0 |      14 |       0 |   0.0
        D:3 |     337 |       0 |   0.0 |      36 |       0 |   0.0
        D:4 |     311 |       0 |   0.0 |      15 |       0 |   0.0
        D:5 |     815 |       0 |   0.0 |      26 |       0 |   0.0
        D:6 |     615 |       0 |   0.0 |      26 |       0 |   0.0
        D:7 |     777 |       9 |   1.1 |      30 |       6 |  16.7
        D:8 |    2015 |    1087 |  35.0 |      22 |       3 |  12.0
        D:9 |    1472 |     965 |  39.6 |      18 |       9 |  33.3
       D:10 |    1731 |       0 |   0.0 |      28 |       0 |   0.0
       D:11 |    6067 |       0 |   0.0 |      39 |       0 |   0.0
     Lair:1 |    1482 |       0 |   0.0 |       8 |       0 |   0.0
     Lair:2 |    3764 |       0 |   0.0 |      11 |       0 |   0.0
     Lair:3 |    1366 |     773 |  36.1 |       5 |       2 |  28.6
      IceCv |       0 |    6536 | 100.0 |       0 |      27 | 100.0
            +---------+---------+-------+---------+---------+-------

Vault maps used:
D:1:      minmay_arrival_nine_rooms, serial_glass, glass_columns_b,
          glass_columns_b, glass_columns_a, glass_columns_a,
          lexackson_kobold_supper
D:3:      nicolae_tso_swordbearing_angel
D:4:      first_ration, cheibrodos_ashenzari_chains
D:5:      bloody_trog, nicolae_dithmenos_the_darkroom, nicolae_ru_awakened_eye
D:6:      overflow_temple_1_default, nicolae_overflow_crystal_walls
D:7:      minmay_temple_entry_stoned_glass, trog_hazing_becter
D:8:      makhleb_grotto_becter, nicolae_overflow_quartered_altars,
          grunt_ogre_cave, minmay_statues_item, uniq_erica
D:9:      lemuel_flame_loot_2, fedhas_altar_3, old_standard_altar,
          dancing_weapons_uskayaw, david_lair_generic, serial_ice, serial_ice_e,
          serial_ice_m, serial_ice_n, serial_ice_b
D:11:     orc_0_dummy, serial_bayou_lagoon_a, guppyfry_shop_earth
Lair:1:   lemuel_fruit_fields
Lair:2:   infiniplex_staircase_pool
Lair:3:   skrybe_swamp_entry_bodies, spider_nest_entry_a, portal_ice_cave_rime,
          infiniplex_staircase_pool_2, uniq_sonja
IceCv:    ice_cave_small_giant

Table legend:
 A = Turns spent in this place as a percentage of turns spent in the entire game.
 B = Non-inter-level travel turns spent in this place as a percentage of non-inter-level travel turns spent in the entire game.
 C = Inter-level travel turns spent in this place as a percentage of turns spent in this place.
 D = Turns resting spent in this place as a percentage of non-inter-level travel turns spent in this place.
 E = Turns spent auto-exploring this place as a percentage of non-inter-level travel turns spent in this place.
 F = Non-inter-level travel turns spent in this place divided by the number of levels of this place that you've seen.
                   A       B       C       D       E      F
               +-------+-------+-------+-------+-------+----------------------
         Total | 100.0 | 100.0 |   6.4 |  11.0 |  68.6 | 966.1
       Dungeon |  81.6 |  80.7 |   7.4 |   8.8 |  70.1 | 1063.3
          Lair |  10.7 |  11.0 |   3.2 |   3.1 |  82.7 | 532.0
      Ice Cave |   7.7 |   8.3 |   0.0 |  43.0 |  34.8 | 1199.0
               +-------+-------+-------+-------+-------+----------------------

Table legend:
 A = Kills in this place as a percentage of kills in entire the game.
 B = Kills by you in this place as a percentage of kills by you in the entire game.
 C = Kills by friends in this place as a percentage of kills by friends in the entire game.
 D = Other kills in this place as a percentage of other kills in the entire game.
 E = Experience gained in this place as a percentage of experience gained in the entire game.
 F = Experience gained in this place divided by the number of levels of this place that you have seen.
                   A       B       C       D       E      F
               +-------+-------+-------+-------+-------+----------------------
         Total | 100.0 | 100.0 |   N/A |   N/A | 100.0 | 2014.7
       Dungeon |  85.1 |  85.1 |   N/A |   N/A |  53.9 | 1481.7
          Lair |   7.3 |   7.3 |   N/A |   N/A |  24.4 | 2461.7
      Ice Cave |   7.6 |   7.6 |   N/A |   N/A |  21.6 | 6536.0
               +-------+-------+-------+-------+-------+----------------------
